 Dungeon Crawl Stone Soup version 0.22-a0-772-gac08f70 (webtiles) character file.

361 sking99 the Digger (level 6, -6/32 HPs)
             Began as a Gargoyle Earth Elementalist on July 17, 2018.
             Mangled by an iguana (9 damage)
             ... on level 4 of the Dungeon.
             The game lasted 00:10:10 (4116 turns).

sking99 the Digger (Gargoyle Earth Elementalist)    Turns: 4116, Time: 00:10:10

Health: -6/32      AC:  8    Str: 11    XL:     6   Next: 66%
Magic:  1/11       EV: 12    Int: 18    God:
Gold:   197        SH:  0    Dex: 10    Spells: 1/12 levels left

rFire    . . .     SeeInvis .   e - +0 whip
rCold    . . .     Gourm    .   (no shield)
rNeg     + . .     Faith    .   c - +0 robe
rPois    ∞         Spirit   .   k - -1 helmet (curse)
rElec    +         Reflect  .   (no cloak)
rCorr    .         Harm     .   (no gloves)
MR       .....                  t - +1 pair of boots
Stlth    ++........             (no amulet)
HPRegen  0.10/turn              (no ring)
MPRegen  0.12/turn              (no ring)

@: no status effects
A: negative energy resistance 1, electricity resistance, unbreathing,
petrification resistance, rot immunity, AC +4
a: no special abilities


You were on level 4 of the Dungeon.
You were not hungry.

You visited 1 branch of the dungeon, and saw 4 of its levels.

You collected 197 gold pieces.

Inventory:

Hand Weapons
 e - a +0 whip (weapon)
Missiles
 b - 43 stones (quivered)
 f - a throwing net
Armour
 c - a +0 robe (worn)
 k - a cursed -1 helmet (worn)
 t - a +1 pair of boots (worn)
Jewellery
 l - an uncursed amulet of regeneration {unknown}
 p - an uncursed ring of positive energy {unknown}
Scrolls
 h - a scroll of enchant armour
 i - 5 scrolls of identify
Potions
 a - 2 potions of heal wounds {unknown}
 g - a potion of cancellation {unknown}
 j - a potion of agility {unknown}
 n - a potion of haste {unknown}
 o - 2 potions of curing
 q - a potion of mutation {unknown}
 s - 2 potions of lignification
Comestibles
 d - 5 rations


   Skills:
 - Level 2.0 Dodging
 - Level 2.5 Stealth
 + Level 3.6 Spellcasting
 + Level 2.0 Conjurations
 - Level 0.7 Transmutations
 * Level 6.7 Earth Magic


You had one spell level left.
You knew the following spells:

 Your Spells              Type           Power        Failure   Level  Hunger
a - Sandblast             Erth           ####..       1%          1    None
b - Stone Arrow           Conj/Erth      ###...       8%          3    ###....
c - Lee's Rapid Deconstr  Erth           ####......   26%         5    ######.
d - Passwall              Tmut/Erth      ###.....     4%          2    ##.....

Your spell library contained the following spells:

 Spells                   Type           Power        Failure   Level  Hunger
 Petrify                  Tmut/Erth      ###.....     32%         4    ####...


Dungeon Overview and Level Annotations

Branches:
Dungeon (4/15)
 Temple: D:4-7

Altars:
Cheibriados
Vehumet
Xom

Annotations:
D:3 2 transporters


Innate Abilities, Weirdness & Mutations

You are resistant to torment.
Your stone body is resilient. (AC +4)
You are immune to poison.
You resist negative energy. (rN+)
You are resistant to electric shocks. (rElec)
You can survive without breathing.
You are immune to petrification.
You are immune to rotting.


Message History

b - 44 stones
Casting: Sandblast (safe; 1% risk of failure)
Confirm with . or Enter, or press ? or * to list all spells.
Aiming: Sandblast (safe; 1% risk of failure)
Press: ? - help, Shift-Dir - straight line, f - iguana
Aim: an iguana The blast of sand hits the iguana.
b - 43 stones The iguana bites you but does no damage.
You hit the iguana but do no damage. The iguana bites you.
You hit the iguana.
The iguana is lightly wounded.
The iguana bites you!
* * * LOW HITPOINT WARNING * * *
Okay, then.
Okay, then.
You feel better. The iguana bites you!
* * * LOW HITPOINT WARNING * * *
The iguana bites you!
You die...

....#.#.###++###...#
#.#.#.#'###........#
##..#.....#........#
....................#
.#.####.####........#
...##.....##.####+#.#
..(#..[....#........#≈≈≈ ≈≈
...#.......#.######.#≈#≈.≈#≈#
.#....._.......(@.# #≈≈≈.≈≈≈#
.#.#.......#.####l###≈≈≈.≈≈≈#
...#.......#.###.h).#≈#≈.≈#≈#
...##.....##.......†#≈≈≈.≈≈≈#
.#.####.####........#.....).##
.#............................
.....).....................#
...........................#
..............................


You could see an iguana and a hound.

Vanquished Creatures
  2 hounds (D:4)
  An iguana (D:4)
  7 gnolls
  13 adders
  An ooze (D:2)
  3 worms
  A dart slug (D:2)
  4 leopard geckos
  An orc (D:3)
  11 bats
  3 giant cockroaches
  9 goblins
  A hobgoblin (D:1)
  6 kobolds
  3 quokkas
  3 ball pythons (D:2)
  10 frilled lizards
  9 rats
88 creatures vanquished.

Notes
Turn   | Place    | Note
-------+----------+-------------------------------------------
     0 | D:1      | sking99 the Gargoyle Earth Elementalist began the quest for the Orb.
     0 | D:1      | Reached XP level 1. HP: 10/10 MP: 3/3
   349 | D:1      | Reached XP level 2. HP: 15/15 MP: 3/5
   849 | D:1      | Reached skill level 4 in Earth Magic
   973 | D:1      | Reached XP level 3. HP: 19/19 MP: 3/6
  1076 | D:1      | Learned a level 3 spell: Stone Arrow
  1079 | D:1      | Learned a level 2 spell: Passwall
  1534 | D:2      | Reached XP level 4. HP: 4/24 MP: 0/8
  1865 | D:2      | Reached skill level 5 in Earth Magic
  2230 | D:2      | Reached XP level 5. HP: 28/28 MP: 7/9
  2787 | D:3      | Found a transporter.
  2787 | D:3      | Found a snail-covered altar of Cheibriados.
  2794 | D:3      | Found a transporter.
  3147 | D:3      | Reached skill level 1 in Conjurations
  3147 | D:3      | Reached skill level 6 in Earth Magic
  3232 | D:3      | Found a shimmering altar of Xom.
  3306 | D:3      | Reached XP level 6. HP: 32/32 MP: 4/11
  3837 | D:4      | Learned a level 5 spell: Lee's Rapid Deconstruction
  4048 | D:4      | Found a radiant altar of Vehumet.
  4116 | D:4      | Mangled by an iguana

Vault maps used:
D:1:      minmay_arrival_semitransparent, minmay_unequal
D:3:      gammafunk_temple_overflow_arena, brannock_xom_greatest_gift,
          serial_corexii_hall, corexii_hall_statues_i,
          corexii_hall_statues_deadend, hangedman_decor_clover_reticule
D:4:      overflow_temple_1_default, old_standard_altar, temple_hall_moat,
          kennysheep_generic_room_15

Skill      XL: |  1  2  3  4  5  6 |
---------------+-------------------+-----
Earth Magic    | 4 5 6 |  6.7
Dodging        | 2 |  2.0
Spellcasting   | 3 |  3.6
Conjurations   | 1 2 |  2.0
Stealth        | |  2.5
Transmutations | |  0.7

Action                   |  1- 3 |  4- 6 || total
-------------------------+-------+-------++-------
Melee: Unarmed           |    13 |       ||    13
       Hand axe          |    13 |       ||    13
       Dagger            |     3 |     4 ||     7
       Whip              |       |    85 ||    85
 Cast: Sandblast         |    30 |    50 ||    80
       Stone Arrow       |     7 |    24 ||    31
  Use: Scroll            |       |     9 ||     9
       Potion            |       |     1 ||     1
  Eat: Chunk             |     2 |     6 ||     8
       Ration            |       |     2 ||     2
Armor: Robe              |    17 |    50 ||    67
Dodge: Dodged            |    33 |    76 ||   109

Table legend:
 A = Spawn XP
 B = Non-spawn XP
 C = Spawn XP percentage of total XP
 D = Spawn monster count
 E = Non-spawn monster count
 F = Spawn count percentage of total count
 G = Total turns spent on level
                    A         B        C        D         E        F      G
               +---------+---------+-------+---------+---------+-------+---------
         Total |       0 |     517 |   0.0 |       0 |      88 |   0.0 |  4116
               +---------+---------+-------+---------+---------+-------+---------
           D:1 |       0 |      35 |   0.0 |       0 |      25 |   0.0 |  1092
           D:2 |       0 |     161 |   0.0 |       0 |      27 |   0.0 |  1576
           D:3 |       0 |     132 |   0.0 |       0 |      27 |   0.0 |   961
           D:4 |       0 |     189 |   0.0 |       0 |       9 |   0.0 |   487
               +---------+---------+-------+---------+---------+-------+---------
